 Dungeon Crawl Stone Soup version 0.17-a0-1882-g750edc8 (webtiles) character file.

3620 Ijustatesigmund the Slinger (level 10, -1/66 HPs)
             Began as a Halfling Hunter on Sept 22, 2015.
             Was a Follower of Okawaru.
             Killed by divine providence
             ... invoked by an orc priest
              (11 damage)
             ... on level 8 of the Dungeon.
             The game lasted 00:34:54 (8397 turns).

Ijustatesigmund the Slinger (Halfling Hunter)       Turns: 8397, Time: 00:34:54

Health: -1/66      AC:  8    Str: 12    XL:     10   Next: 32%
Magic:  13/13      EV: 12    Int: 10    God:    Okawaru [*.....]
Gold:   420        SH:  0    Dex: 19    Spells: 3 memorised, 5 levels left

rFire  . . .     SeeInvis +     a - +1 hunting sling
rCold  . . .     Clarity  .     d - +1 leather armour
rNeg   . . .     SustAt   .     (shield restricted)
rPois  .         Gourm    .     (no helmet)
rElec  .         Spirit   .     l - +1 cloak
rCorr  .         Warding  .     y - +1 pair of gloves
rMut   +         Stasis   .     (no boots)
MR     .....                    p - amulet of resist mutation
Stlth  ++++......               F - ring of see invisible
                                j - ring of stealth

@: very slightly contaminated, heavily drained, not resistant to hostile
enchantments, stealthy
A: mutation resistance 1
a: Heroism, Renounce Religion


You were on level 8 of the Dungeon.
You worshipped Okawaru.
Okawaru was aware of your devotion.
You were hungry.

You visited 2 branches of the dungeon, and saw 9 of its levels.

You collected 420 gold pieces.

Inventory:

Hand weapons
 a - a +1 hunting sling (weapon)
 t - a +2 short sword of venom
 J - a +3 short sword
Missiles
 i - 249 stones (quivered)
 k - 4 sling bullets
Armour
 d - a +1 leather armour (worn)
 l - a +1 cloak (worn)
 y - a +1 pair of gloves (worn)
Jewellery
 j - a ring of stealth (left hand)
 n - a +3 ring of dexterity {unknown}
 p - an amulet of resist mutation (around neck)
 r - an uncursed ring of sustain attributes
 B - an uncursed ring of flight
 F - a ring of see invisible (right hand)
 P - an uncursed amulet of regeneration {unknown}
Magical devices
 o - a wand of confusion (48)
 q - a wand of slowing (4)
 u - a wand of confusion (21)
 R - a wand of magic darts (37)
Scrolls
 w - 3 scrolls of remove curse
 x - 2 scrolls of blinking
 A - a scroll of immolation
 D - 3 scrolls of amnesia
 L - a scroll of teleportation
 O - a scroll of magic mapping
Potions
 b - a potion of brilliance
 c - 3 potions of agility
 f - a potion of lignification {unknown}
 m - a potion of flight
 v - 4 potions of curing
 z - a potion of berserk rage
 E - 2 potions of might
 G - a potion of heal wounds
 H - a potion of magic {unknown}
 I - 2 potions of mutation
 M - a potion of cancellation {unknown}
 N - a potion of haste
Books
 s - a book of Death

   Spells                             Type                      Level
   a - Corpse Rot                     Necromancy                   2
   b - Sublimation of Blood           Necromancy                   2
   c - Agony                          Necromancy                   5
   d - Dispel Undead                  Necromancy                   5
   e - Excruciating Wounds            Charms/Necromancy            5
   f - Bolt of Draining               Conjuration/Necromancy       5
 C - a book of Spatial Translocations

   Spells                             Type                      Level
   a - Apportation                    Translocation                1
   b - Blink                          Translocation                2
   c - Shroud of Golubria             Charms/Translocation         2
   d - Portal Projectile              Translocation                3
   e - Teleport Other                 Translocation                3
   f - Passage of Golubria            Translocation                4
 Q - a book of Party Tricks

   Spells                             Type                      Level
   a - Summon Butterflies             Summoning                    1
   b - Apportation                    Translocation                1
   c - Tukima's Dance                 Hexes                        3
   d - Alistair's Intoxication        Transmutation/Poison         4
   e - Invisibility                   Hexes                        6
Comestibles
 e - 6 bread rations
 h - 6 meat rations
 K - 5 fruits
 S - a royal jelly


   Skills:
 + Level 5.1(3.8) Fighting
 - Level 7.6(6.2) Short Blades
 - Level 12.2(10.7) Slings
 - Level 5.8(4.5) Dodging
 - Level 4.5(3.2) Stealth
 + Level 4.3(3.1) Translocations
 + Level 4.6(3.4) Invocations


You had 5 spell levels left.
You knew the following spells:

 Your Spells              Type           Power        Failure   Level  Hunger
a - Blink                 Tloc           N/A          21%         2    ###....
b - Apportation           Tloc           #.........   14%         1    ##.....
c - Summon Butterflies    Summ           #.......     50%         1    ##.....


Dungeon Overview and Level Annotations

Branches:
Dungeon (8/15)             Temple (1/1) D:6
   Lair: D:8-11

Altars:
Ashenzari
Cheibriados
Dithmenos
Elyvilon
Fedhas
Gozag
Makhleb
Nemelex Xobeh
Okawaru
Qazlal
Ru
Sif Muna
Vehumet
Xom
Zin


Innate Abilities, Weirdness & Mutations

You are small and have problems with some larger weapons.
You are somewhat resistant to further mutation.


Message History

Okay, then.
Drink which item? (? for menu, Esc to quit)
It was a potion of heal wounds.
You feel much better. The orc priest hits you with a club.
The orc priest closely misses you.
The orc priest hits you but does no damage.
You see here a stone.
The orc priest calls down the wrath of Beogh upon you.
Something smites you!
You open the door.
There is an open door here.
The orc priest invokes the aid of Beogh against you.
Something smites you!
* * * LOW HITPOINT WARNING * * *
The orc priest miscasts a cantrip.
The wight misses you.
There is a stone staircase leading down here.
The orc priest mumbles some strange prayers to Beogh against you.
Something smites you!
You die...

###.....'.....'..#.......#.......
..####'##(....#..'.......+.......
..........(...#..##.....###'#####
...........(..#..####+####.....##
..............#..##......'....♣♣♣
...........z.(#.........P≈≈≈≈≈≈≈≈
.........##'###..##.....≈≈≈≈≈P≈≈≈
.........#...##..##.....P≈≈≈≈≈≈≈≈
.........'...##.@##......P≈≈≈≈≈≈≈
##.......#...zzz..#.....≈≈≈P≈≈≈≈≈
.'.......#....o...#.......≈P≈≈≈≈≈
.#.......#........#......≈≈P≈≈≈≈≈
.#.......#...##...'... ..≈≈P≈P≈≈≈
.#.......#...##...#....
.'.......#...##..##.....
##.......'...###'# ....
.........#...# ... ....


You could see 3 wights and an orc priest.

Vanquished Creatures
  Pikel (D:4)
  Sigmund (D:4)
  A wyvern (D:8)
  A hippogriff (D:7)
  Menkaure (D:6)
  4 sky beasts
  A slave (D:4)
  3 centaurs
  2 phantoms
  2 ogres
  A gnoll sergeant (D:7)
  2 giant frogs
  10 wights
  An electric eel (D:8)
  2 giant frog zombies
  A jelly (D:5)
  3 hounds
  Ijyb (D:3)
  2 crimson imps
  2 iguanas
  10 orc wizards
  4 worker ants
  A giant frog skeleton (D:4)
  Natasha (thrice) (D:3)
  A killer bee zombie (D:8)
  The ghost of ololoev the Chopper, a weakling DDBe of Trog (D:3)
  A hound zombie (D:8)
  A hound skeleton (D:8)
  7 gnolls
  4 adders
  A shadow imp (D:6)
  An adder zombie (D:5)
  An adder skeleton (D:4)
  2 worms
  8 giant geckos
  13 orcs
  4 giant cockroaches
  7 goblins
  9 hobgoblins
  11 kobolds
  10 bats
  A giant cockroach zombie (D:5)
  6 giant newts
  6 jackals
  4 quokkas
  9 rats
168 creatures vanquished.

Vanquished Creatures (others)
  A phantom (D:4)
  An orc (D:4)
2 creatures vanquished.

Grand Total: 170 creatures vanquished

Notes
Turn   | Place    | Note
--------------------------------------------------------------
     0 | D:1      | Ijustatesigmund the Halfling Hunter began the quest for the Orb.
     0 | D:1      | Reached XP level 1. HP: 14/14 MP: 1/1
   100 | D:1      | Reached skill level 6 in Slings
   144 | D:1      | Reached XP level 2. HP: 19/19 MP: 2/2
   478 | D:1      | Reached XP level 3. HP: 21/24 MP: 3/3
   923 | D:2      | Found a burning altar of Makhleb.
   926 | D:2      | You fall through a shaft for 2 floors!
  1068 | D:4      | Reached XP level 4. HP: 13/29 MP: 4/4
  1310 | D:4      | Reached skill level 7 in Slings
  1326 | D:4      | Noticed a slave
  1335 | D:4      | Killed a slave
  1540 | D:4      | Noticed Pikel
  1540 | D:4      | Noticed a slave
  1540 | D:4      | Noticed a slave
  1541 | D:4      | Noticed a slave
  1598 | D:4      | Killed Pikel
  1598 | D:4      | Reached skill level 9 in Slings
  1598 | D:4      | Reached XP level 5. HP: 34/34 MP: 5/5
  1598 | D:4      | Reached XP level 6. HP: 39/39 MP: 6/6
  1598 | D:4      | Reached XP level 7. HP: 44/44 MP: 7/7
  1736 | D:4      | Noticed Sigmund
  1746 | D:4      | Killed Sigmund
  1783 | D:4      | Got a fine trident
  1784 | D:4      | Identified the +1 trident of Floods {pain, Int+3 Dex+4} (You found it on level 4 of the Dungeon)
  1857 | D:4      | Noticed an ogre
  1861 | D:4      | Killed an ogre
  1861 | D:4      | Reached skill level 10 in Slings
  1861 | D:4      | Reached XP level 8. HP: 49/49 MP: 8/8
  1917 | D:3      | Noticed ololoev's ghost (weakling DDBe)
  1920 | D:3      | Noticed Natasha
  1982 | D:4      | Got an ichor-stained whip
  1983 | D:4      | Identified the +11 whip "Tacero Aler" {venom, MR+ MP+9 Int-3 Dex+3} (You found it on level 4 of the Dungeon)
  2323 | D:3      | Killed Natasha
  2550 | D:3      | Noticed Natasha
  2555 | D:3      | Killed Natasha
  3084 | D:3      | Killed ololoev's ghost
  3253 | D:3      | Noticed Natasha
  3255 | D:3      | Killed Natasha
  3279 | D:3      | Found a stormy altar of Qazlal.
  3372 | D:3      | Noticed Ijyb
  3388 | D:3      | Killed Ijyb
  3667 | D:5      | Entered Level 5 of the Dungeon
  3787 | D:5      | Reached skill level 5 in Short Blades
  4064 | D:5      | Reached skill level 11 in Slings
  4342 | D:5      | Got an iridescent falchion
  4343 | D:5      | Identified the cursed +0 falchion of Uphasuur {vamp, MR+} (You found it on level 5 of the Dungeon)
  4552 | D:6      | Noticed Menkaure
  4555 | D:6      | Killed Menkaure
  4555 | D:6      | Reached XP level 9. HP: 54/54 MP: 9/9
  4627 | D:6      | Reached skill level 12 in Slings
  4884 | D:6      | Found a stormy altar of Qazlal.
  5028 | D:6      | Reached skill level 5 in Dodging
  5548 | D:6      | Found a staircase to the Ecumenical Temple.
  5553 | Temple   | Entered the Ecumenical Temple
  5606 | Temple   | Became a worshipper of Warmaster Okawaru
  5881 | D:7      | Reached skill level 1 in Invocations
  6064 | D:7      | Learned a level 2 spell: Blink
  6066 | D:7      | Learned a level 1 spell: Apportation
  6565 | D:7      | Acquired Okawaru's first power
  6565 | D:7      | Reached skill level 1 in Translocations
  7253 | D:8      | Found a radiant altar of Vehumet.
  7270 | D:7      | Reached XP level 10. HP: 48/63 MP: 12/12
  7570 | D:8      | Learned a level 1 spell: Summon Butterflies
  7934 | D:8      | Reached skill level 5 in Fighting
  8397 | D:8      | Killed from afar by an orc priest

Vault maps used:
D:1:      grunt_arrival_lava_bath, minivault_5
D:2:      overflow_temple_1_default, first_bread
D:3:      nicolae_qazlal_general_emergency, uniq_iyjb, uniq_natasha
D:4:      grunt_ministairs_2, uniq_sigmund, uniq_pikel
D:6:      overflow_temple_1_default, minmay_temple_entry_nine_rooms,
          uniq_menkaure
D:8:      vehumet_altar_wand_db, serial_bayou, serial_bayou_lagoon_a,
          serial_bayou_pond_e, serial_bayou_shore_a, serial_bayou_pond_b
Temple:   circular_temple_12

Action                   |  1- 3 |  4- 6 |  7- 9 | 10-12 || total
-------------------------+-------+-------+-------+-------++-------
Melee: Whip              |       |       |    27 |       ||    27
       Short sword       |       |       |    13 |       ||    13
 Fire: Hunting sling     |    79 |    28 |   620 |   235 ||   962
  Use: Scroll            |     6 |     2 |    14 |     6 ||    28
       Potion            |       |     1 |     3 |     1 ||     5
 Stab: Sleeping          |       |       |     2 |       ||     2
       Distracted        |       |       |     1 |       ||     1
  Eat: Fruit             |       |     2 |       |       ||     2
       Chunk             |       |       |     7 |     2 ||     9
       Bread ration      |       |       |     1 |       ||     1
       Beef jerky        |       |       |     2 |     1 ||     3
       Pizza             |       |       |     1 |       ||     1
